 Dungeon Crawl Stone Soup version 0.20.1-1-g8b1a95d (webtiles) character file.

279476 manon the Executioner (level 19, -2/285 HPs)
             Began as a Minotaur Berserker on Aug 17, 2017.
             Was a High Priest of Trog.
             Slain by a worldbinder (3 damage)
             ... on level 3 of the Abyss on Aug 18, 2017.
             The game lasted 05:27:44 (31400 turns).

manon the Executioner (Minotaur Berserker)         Turns: 31400, Time: 05:27:44

Health: -2/285     AC: 24    Str: 35    XL:     19   Next: 66%
Magic:  0/14       EV:  6    Int:  8    God:    Trog [*****.]
Gold:   979        SH:  0    Dex:  5    Spells: 18/18 levels left

rFire    + + +     SeeInvis .   a - +9 executioner's axe (flame)
rCold    . . .     Gourm    .   (shield currently unavailable)
rNeg     + . .     Faith    .   h - +8 plate armour of Cocytus {rF+++ Str+5 Dex-2 Stlth-}
rPois    .         Spirit   .   r - +0 hat "Fimihaf" {rElec Int+2}
rElec    +         Reflect  .   J - scarf {cloud immunity}
rCorr    +         Harm     .   (no gloves)
MR       +....     Rnd*Tele +   j - +2 pair of boots
Stlth    ..........             i - amulet of regeneration
Regen    1.0/turn               t - ring of resist corrosion
MPRegen  0.2/turn               P - ring of positive energy

@: berserking, constricted, slow
A: retaliatory headbutt, horns 2, [clumsy 2], [deformed body], [dopey 1], [low
mp 2], [teleportitis 1], [subdued magic 3]
}: 2/15 runes: decaying, serpentine
a: Berserk, Trog's Hand, Brothers in Arms, Burn Spellbooks, Renounce Religion


You were on level 3 of the Abyss.
You worshipped Trog.
Trog was extremely pleased with you.
You were not hungry.

You visited 6 branches of the dungeon, and saw 34 of its levels.
You visited the Abyss 1 time.
You also visited: Ossuary.

You collected 3140 gold pieces.
You spent 2161 gold pieces at shops.

Inventory:

Hand Weapons
 a - a +9 executioner's axe of flaming (weapon)
 b - a +8 arbalest
 e - a +3 vampiric battleaxe
 y - a +4 triple crossbow of flaming
 A - the +5 broad axe of the Modern Songs {vamp, rC+ Dex+2, unknown}
   (Trog gifted it to you on level 15 of the Dungeon)

   It inflicts no extra harm, but heals its wielder when it wounds a living foe.
   It affects your dexterity (+2).
   It protects you from cold.
 C - the +6 glaive "Etuutoa" {freeze, *Rage Str+8}
   (You found it on level 2 of the Snake Pit)

   It has been specially enchanted to freeze those struck by it, causing extra
   injury to most foes and up to half again as much damage against particularly
   susceptible opponents.
   It can also slow down cold-blooded creatures.
   It affects your strength (+8).
   It may make you go berserk in combat.
 X - a +2 arbalest of flaming
Missiles
 d - 549 bolts
Armour
 h - the +8 plate armour of Cocytus (worn) {rF+++ Str+5 Dex-2 Stlth-}
   (You bought it in a shop on level 2 of the Orcish Mines)

   It affects your strength (+5).
   It affects your dexterity (-2).
   It renders you almost immune to fire.
   It makes you less stealthy.
 j - a +2 pair of boots (worn)
 o - +0 swamp dragon scales
 r - the +0 hat "Fimihaf" (worn) {rElec Int+2}
   (You acquired it on level 2 of the Elven Halls)

   It affects your intelligence (+2).
   It insulates you from electricity.
 J - a scarf of cloud immunity (worn)
 K - the -3 hat of Xyqomuse {SInv}
   (You acquired it on level 2 of the Elven Halls)

   It lets you see invisible.
 M - a +2 hat
Jewellery
 i - an amulet of regeneration (around neck)
 t - a ring of resist corrosion (left hand)
 P - a ring of positive energy (right hand)
 Q - an uncursed amulet of the gourmand
 R - an uncursed ring of flight
Wands
 f - a wand of digging (16/24)
 E - a wand of digging (17/24)
 N - a wand of disintegration (13/24)
Scrolls
 g - 2 scrolls of identify
 k - 12 scrolls of enchant armour
 m - 5 scrolls of recharging
 n - a scroll of silence
 u - 3 scrolls of holy word
 v - a scroll of noise {unknown}
 w - 13 scrolls of remove curse
 D - 2 scrolls of torment
 F - 4 scrolls of teleportation
 H - a scroll of fog {unknown}
 I - 4 scrolls of fear
 S - 2 scrolls of enchant weapon
 U - 3 scrolls of blinking
 W - 3 scrolls of magic mapping
Potions
 l - a potion of invisibility
 p - 4 potions of agility
 q - 9 potions of might
 s - 2 potions of berserk rage
 B - a potion of cancellation
 G - 2 potions of ambrosia
 L - 4 potions of magic
 O - 2 potions of resistance
 T - 2 potions of brilliance
 Y - 2 potions of curing
 Z - 4 potions of flight
Miscellaneous
 V - a phantom mirror
Comestibles
 c - 16 bread rations
 z - 16 meat rations


   Skills:
 * Level 21.5 Fighting
 + Level 25.0 Axes
 + Level 16.8 Crossbows
 + Level 17.3 Armour
 - Level 2.1 Dodging


You had 18 spell levels left.
You didn't know any spells.

Dungeon Overview and Level Annotations

Branches:
Dungeon (15/15)            Temple (0/1) D:6            Lair (6/6) D:10
  Swamp (4/4) Lair:2        Snake (4/4) Lair:3        Slime (0/5) Lair:6
    Orc (2/2) D:12            Elf (3/3) Orc:2        Vaults (0/5) D:14
 Depths (0/5) D:15

Altars:
Fedhas
Ru
Xom
Jiyva

Shops:
D:9 :   Orc:1 :   Orc:2 [[:(*

Portals:
Trove: D:11 (give 5 scrolls of blinking)

Annotations:
D:5 Prince Ribbit
D:11 exclusion: obsidian statue
D:14 exclusion: Roxanne, Roxanne
D:15 25 runed doors
Lair:6 1 runed door


Innate Abilities, Weirdness & Mutations

You reflexively headbutt those who attack you in melee.
You have a pair of horns on your head.
[You are very clumsy. (Dex -4)]
[Armour fits poorly on your strangely shaped body.]
[You are dopey. (Int -2)]
[Your magical capacity is very low. (-20% MP)]
[You are occasionally teleported next to monsters.]
[Your spells are much easier to cast, but much less powerful.]


Message History

* * * LOW HITPOINT WARNING * * *
The worldbinder closely misses you.
The mana viper bites you but does no damage.
Your ogre barely misses the naga.
The naga barely misses you. The naga grabs you. The naga constricts you.
The worldbinder hits you.
* * * LOW HITPOINT WARNING * * *
The worldbinder hits you but does no damage.
The water nymph points at you and mumbles some strange words.
The water swirls and strikes you!
The naga hits your ogre with a scimitar!!
The naga constricts your ogre.
You barely miss the mana viper. Your headbutt misses the mana viper.
The mana viper is moderately wounded.
You closely miss the naga. You barely miss the worldbinder.
You slice the water nymph!! You burn the water nymph! The mana viper bites you.
* * * LOW HITPOINT WARNING * * *
Unknown command.
Your unstable footing causes you to fumble your attack.
The worldbinder hits you.
You die...

####### ##
#.#≈O≈##
..x.#NmxN#
§m≈..#.
.#@S#
♣§§§.
#.≈.####
♣♣ ≈.≈m###
. ♣.♣≈≈#
R.♣≈≈≈
♣♣≈♣≈≈≈≈
♣♣.♣♣≈≈ .≈
≈≈.. #≈ ♣


You could see a mana viper, a water nymph, a worldbinder, 2 nagas and a friendly
ogre (berserk).

Vanquished Creatures
  A deep elf blademaster (Elf:2)
  Kirke (Snake:1)
  A tentacled starspawn (Abyss:3)
  15 nagarajas
  The ghost of Patate the Warrior, a journeyman MfBe of Trog (Snake:1)
  A stone giant (Orc:2)
  3 deep elf demonologists
  4 ettins
  3 fire dragons
  Fannar (Lair:3)
  16 naga warriors
  Erolcha (Orc:2)
  15 hydras
  6 alligators
  2 centaur warriors
  13 two-headed ogres
  19 anacondas
  24 dancing weapons
  2 ogre magi (D:15)
  2 ghost crabs (Swamp:4)
  A catoblepas (D:14)
  4 shock serpents
  A vampire mage (D:15)
  Urug (D:11)
  An orc high priest (Orc:2)
  19 naga sharpshooters
  9 deep elf knights
  Sonja (Lair:3)
  A wretched star (Abyss:3)
  A fire crab (Swamp:4)
  2 salamander mystics
  A spark wasp zombie (D:15)
  A golden dragon zombie (D:15)
  A shadow wraith (D:14)
  2 spriggan druids
  9 skeletal warriors
  A spatial maelstrom (Abyss:3)
  7 swamp dragons
  5 unseen horrors
  8 deep elf archers
  3 shambling mangroves
  A wizard (D:14)
  A necromancer (D:15)
  A tengu zombie (D:15)
  10 naga ritualists
  2 lindwurms (Swamp:4)
  A mana viper (shapeshifter) (Elf:3)
  3 oklob plants
  A wolf spider (Lair:6)
  47 deep elf magi
  A wolf spider zombie (D:15)
  14 mana vipers
  28 ugly things
  12 salamanders
  A manticore (D:14)
  11 cyclopes
  2 orc sorcerers (Orc:2)
  7 elephants
  18 guardian serpents
  A molten gargoyle (Swamp:4)
  3 gargoyles
  25 naga magi
  18 spiny frogs
  44 black mambas
  A spiny frog (shapeshifter) (D:14)
  A dire elephant skeleton (Abyss:3)
  9 komodo dragons
  A tengu conjurer (D:15)
  12 rime drakes
  11 trolls
  A guardian mummy (D:15)
  An ancient zyme (Abyss:3)
  14 hornets
  3 tyrant leeches
  6 bog bodies
  22 slime creatures
  5 hippogriffs
  13 blink frogs
  3 raiju (Abyss:3)
  7 shadows
  A redback (shapeshifter) (D:15)
  3 redbacks (Lair:6)
  7 spriggans
  A vampire (D:15)
  3 large abominations (Abyss:3)
  Sigmund (D:6)
  3 air elementals
  13 wyverns
  A wraith (D:13)
  A centaur simulacrum (D:15)
  A deep troll skeleton (D:15)
  25 yaks
  3 hogs (Snake:1)
  3 basilisks
  A neqoxec (Abyss:3)
  3 steam dragons
  2 fire elementals (Elf:2)
  24 vampire mosquitoes
  3 hungry ghosts
  4 wargs
  3 small abominations (Abyss:3)
  57 nagas
  3 acid dragons
  11 insubstantial wisps
  A hell hound (Abyss:3)
  13 swamp worms
  17 water moccasins
  Duvessa (D:5)
  5 porcupines
  15 swamp drakes
  12 orc warriors
  5 sky beasts
  An eye of draining (shapeshifter) (D:15)
  A black bear (D:6)
  2 ice beasts
  15 wolves
  2 necrophages
  18 centaurs
  11 ogres
  3 big kobolds
  12 crocodiles
  An elf zombie (Ossuary)
  17 bullfrogs
  An earth elemental (Elf:2)
  Dowan (D:5)
  A wyvern skeleton (D:13)
  6 scorpions
  6 killer bees (D:7)
  18 wights
  7 howler monkeys
  An electric eel (Lair:5)
  4 crimson imps
  4 quasits
  4 centaur zombies
  A human zombie (Ossuary)
  12 starcursed masses (Abyss:3)
  6 jellies
  16 orc wizards
  7 hounds
  10 orc priests
  2 bullfrog skeletons
  Crazy Yiuf (D:6)
  Ijyb (D:3)
  9 iguanas
  12 worker ants
  4 big kobold zombies (Ossuary)
  A hound skeleton (D:9)
  A howler monkey zombie (D:8)
  2 mummies (Ossuary)
  3 gnolls (D:3)
  10 adders
  3 shadow imps
  8 oozes (D:4)
  An adder skeleton (D:8)
  A worm (D:3)
  A dart slug (D:1)
  6 leopard geckos
  57 orcs
  A giant cockroach (D:6)
  A gnoll zombie (Ossuary)
  4 goblins
  5 hobgoblins
  18 jackals
  28 kobolds
  5 quokkas
  2 ball pythons
  2 bats (D:2)
  6 frilled lizards
  5 goblin zombies (Ossuary)
  2 hobgoblin zombies (Ossuary)
  A jackal skeleton (D:6)
  A jackal zombie (D:6)
  A leopard gecko skeleton (D:5)
  2 rats (D:1)
  10 fungi
  A lurking horror (Abyss:3)
  15 plants
  A withered plant (D:15)
1240 creatures vanquished.

Vanquished Creatures (collateral kills)
  Vashnia (Snake:4)
  A deep elf annihilator (Elf:2)
  A hydra (Swamp:4)
  A ghost crab (Swamp:4)
  3 dancing weapons (Elf:2)
  3 naga sharpshooters (Snake:4)
  4 deep elf knights (Elf:2)
  A salamander mystic (Snake:4)
  3 swamp dragons (Swamp:4)
  3 deep elf magi
  A mana viper (Snake:3)
  A slime creature (Swamp:4)
  2 salamanders (Snake:3)
  2 black mambas (Snake:3)
  A guardian serpent (Snake:3)
  A naga mage (Snake:4)
  A steam dragon (Swamp:4)
  3 nagas (Snake:4)
  A porcupine (Lair:1)
  2 swamp drakes (Swamp:4)
36 creatures vanquished.

Vanquished Creatures (others)
  A flayed ghost (Abyss:3)
  A tyrant leech (Swamp:1)
  A raiju (Abyss:3)
  2 steam dragons (Swamp:4)
  4 swamp drakes (Swamp:4)
  An ufetubus (Abyss:3)
  An orc (D:12)
  33 fungi
  A lurking horror (Abyss:3)
  38 plants (Lair:6)
  2 starspawn tentacles (Abyss:3)
  4 toadstools (D:4)
89 creatures vanquished.

Grand Total: 1365 creatures vanquished

Notes
Turn   | Place    | Note
-------+----------+-------------------------------------------
     0 | D:1      | manon the Minotaur Berserker began the quest for the Orb.
     0 | D:1      | Reached XP level 1. HP: 19/19 MP: 0/0
    86 | D:1      | Reached skill level 4 in Axes
   232 | D:1      | Reached XP level 2. HP: 23/26 MP: 1/1
   721 | D:2      | Reached skill level 5 in Axes
   721 | D:2      | Reached XP level 3. HP: 26/31 MP: 2/2
  1368 | D:3      | Reached ** piety under Trog
  1370 | D:3      | Reached skill level 6 in Axes
  1370 | D:3      | Reached XP level 4. HP: 36/39 MP: 3/3
  1371 | D:3      | Noticed Ijyb
  1377 | D:3      | Killed Ijyb
  1480 | D:3      | Reached XP level 5. HP: 45/45 MP: 4/4
  1482 | D:3      | Reached skill level 7 in Axes
  1496 | D:3      | Found a shimmering altar of Xom.
  1521 | D:3      | Found a faded altar of an unknown god.
  1869 | D:4      | Noticed an ogre
  1877 | D:4      | Killed an ogre
  1877 | D:4      | Reached skill level 8 in Axes
  1877 | D:4      | Reached XP level 6. HP: 51/51 MP: 5/5
  2163 | D:4      | Reached skill level 9 in Axes
  2473 | D:4      | Reached XP level 7. HP: 57/57 MP: 6/6
  2728 | D:4      | Reached skill level 10 in Axes
  3105 | D:5      | Entered Level 5 of the Dungeon
  3138 | D:5      | Noticed Prince Ribbit
  3219 | D:5      | Noticed Duvessa
  3219 | D:5      | Noticed Dowan
  3227 | D:5      | Killed Duvessa
  3227 | D:5      | Reached skill level 11 in Axes
  3229 | D:5      | Killed Dowan
  3539 | D:5      | Reached XP level 8. HP: 64/64 MP: 7/7
  3551 | D:5      | Reached *** piety under Trog
  3705 | D:6      | Reached skill level 12 in Axes
  3708 | D:6      | Noticed Sigmund
  3725 | D:6      | Killed Sigmund
  3725 | D:6      | Reached skill level 13 in Axes
  3890 | D:6      | Found a staircase to the Ecumenical Temple.
  3910 | D:6      | Got an encrusted leather armour
  3921 | D:6      | Identified the cursed +0 leather armour "Seuh" {*Corrode rN+ Str+4} (You found it on level 6 of the Dungeon)
  4111 | D:6      | Reached XP level 9. HP: 51/70 MP: 8/8
  4164 | D:6      | Reached skill level 14 in Axes
  4187 | D:6      | Found a runed door.
  4191 | D:6      | Noticed Crazy Yiuf
  4197 | D:6      | Killed Crazy Yiuf
  4502 | D:7      | Got a faintly glowing mace
  4503 | D:7      | Identified the +11 mace of the Open Hand {crush, +Fly} (You found it on level 7 of the Dungeon)
  4542 | D:7      | Found a sand-covered staircase.
  4550 | Ossuary  | Entered an ossuary
  4591 | Ossuary  | Reached **** piety under Trog
  4690 | D:7      | You fall through a shaft!
  4770 | D:8      | Noticed a two-headed ogre
  4787 | D:8      | Killed a two-headed ogre
  4787 | D:8      | Reached skill level 15 in Axes
  4990 | D:7      | Reached skill level 16 in Axes
  5090 | D:7      | Reached XP level 10. HP: 74/77 MP: 9/9
  5204 | D:7      | Got a brightly glowing shortbow
  5205 | D:7      | Identified the +5 shortbow "Newtbane" {velocity, Str+3} (You found it on level 7 of the Dungeon)
  6269 | D:9      | Found Saocs's Book Emporium.
  6463 | D:9      | Reached skill level 17 in Axes
  6818 | D:10     | Entered Level 10 of the Dungeon
  6876 | D:10     | Noticed a two-headed ogre
  6885 | D:10     | Reached ***** piety under Trog
  6969 | D:10     | Killed an unseen horror
  7254 | D:10     | Found a staircase to the Lair.
  7259 | D:10     | Noticed an oklob plant
  7376 | D:10     | Received a gift from Trog
  7457 | D:10     | Reached skill level 18 in Axes
  7649 | D:10     | Noticed a gargoyle
  7658 | D:10     | Killed a gargoyle
  7901 | Lair:1   | Entered Level 1 of the Lair of Beasts
  8067 | Lair:1   | Reached XP level 11. HP: 19/82 MP: 10/10
  8416 | Lair:1   | Noticed a six-headed hydra
  8425 | Lair:1   | Killed a six-headed hydra
  8425 | Lair:1   | Reached skill level 19 in Axes
  8613 | Lair:2   | Noticed a six-headed hydra
  8619 | Lair:2   | Killed a five-headed hydra
  9018 | Lair:2   | Found a staircase to the Swamp.
  9061 | Lair:3   | Noticed Sonja
  9067 | Lair:3   | Killed Sonja
  9090 | Lair:3   | Reached skill level 20 in Axes
  9287 | Lair:3   | Found a staircase to the Snake Pit.
  9373 | Lair:3   | Noticed Fannar
  9385 | Lair:3   | Killed Fannar
  9499 | Lair:3   | Reached skill level 5 in Fighting
  9752 | Lair:3   | Reached XP level 12. HP: 76/95 MP: 11/11
  9886 | Lair:4   | Reached skill level 5 in Armour
  9898 | Lair:4   | Noticed an anaconda
  9908 | Lair:4   | Killed an anaconda
 11103 | Lair:5   | Noticed a four-headed hydra
 11114 | Lair:5   | Killed a three-headed hydra
 11114 | Lair:5   | Reached skill level 21 in Axes
 11381 | Lair:6   | Entered Level 6 of the Lair of Beasts
 11381 | Lair:6   | Noticed a four-headed hydra
 11390 | Lair:6   | Killed a one-headed hydra
 11448 | Lair:6   | Paralysed by a hornet for 3 turns
 11596 | Lair:6   | Found a runed door.
 11599 | Lair:6   | Found a viscous altar of Jiyva.
 11600 | Lair:6   | Found a staircase to the Slime Pits.
 11658 | Lair:6   | Reached XP level 13. HP: 87/111 MP: 12/12
 11815 | Lair:6   | Reached skill level 10 in Fighting
 11821 | Lair:6   | Received a gift from Trog
 12496 | Lair:6   | Noticed a fire dragon
 12510 | Lair:6   | Killed a fire dragon
 12510 | Lair:6   | Reached skill level 10 in Armour
 12766 | Lair:4   | Received a gift from Trog
 13274 | D:11     | Found a portal to a secret trove of treasure.
 13457 | D:11     | Noticed Urug
 13468 | D:11     | Killed Urug
 13765 | D:12     | Found a staircase to the Orcish Mines.
 13931 | D:12     | Reached XP level 14. HP: 124/129 MP: 13/13
 14232 | Orc:1    | Entered Level 1 of the Orcish Mines
 14243 | Orc:1    | Found Gippeul's Book Emporium.
 14629 | Orc:2    | Entered Level 2 of the Orcish Mines
 14629 | Orc:2    | Found a staircase to the Elven Halls.
 14646 | Orc:2    | Noticed Erolcha
 14653 | Orc:2    | Killed Erolcha
 14774 | Orc:2    | Received a gift from Trog
 15009 | Orc:2    | Found Jyet's Book Shoppe.
 15028 | Orc:2    | Found Yqif's Antique Armour Shop.
 15040 | Orc:2    | Reached skill level 22 in Axes
 15185 | Orc:2    | Found Ucwaus's Antique Armour Emporium.
 15306 | Orc:2    | Found Puorphuf's Antique Weapon Emporium.
 15322 | Orc:2    | Found Wyimahudd's General Store.
 15324 | Orc:2    | Noticed a stone giant
 15592 | Orc:2    | Killed a stone giant
 15830 | Orc:2    | Bought a brightly glowing plate armour for 616 gold pieces
 15841 | Orc:2    | Identified the +8 plate armour of Cocytus {rF+++ Str+5 Dex-2 Stlth-} (You bought it in a shop on level 2 of the Orcish Mines)
 16010 | Orc:1    | Bought a manual of Crossbows for 1545 gold pieces
 16100 | D:13     | Reached skill level 1 in Crossbows
 16487 | D:13     | Reached ****** piety under Trog
 16793 | D:14     | Reached skill level 5 in Crossbows
 16922 | D:14     | Noticed Roxanne
 17275 | D:14     | Found a gate to the Vaults.
 17287 | D:14     | Reached XP level 15. HP: 117/139 MP: 14/14
 17292 | D:14     | Received a gift from Trog
 17350 | D:14     | Reached skill level 15 in Fighting
 17551 | D:14     | Found a blossoming altar of Fedhas.
 17616 | D:14     | Paralysed by a wizard for 4 turns
 17672 | D:15     | Entered Level 15 of the Dungeon
 17682 | D:15     | Received a gift from Trog
 17694 | D:15     | Got a smoking broad axe {god gift}
 17860 | D:15     | Found a staircase to the Depths.
 17867 | D:15     | Reached skill level 10 in Crossbows
 18218 | D:15     | Received a gift from Trog
 18241 | D:15     | Found a huge runed gate.
 18241 | D:15     | Found a huge runed gate.
 18241 | D:15     | Found a huge runed gate.
 18241 | D:15     | Found a huge runed gate.
 18242 | D:15     | Found a huge runed gate.
 18242 | D:15     | Found a huge runed gate.
 18242 | D:15     | Found a huge runed gate.
 18243 | D:15     | Found a huge runed gate.
 18244 | D:15     | Found a huge runed gate.
 18244 | D:15     | Found a huge runed gate.
 18250 | D:15     | Found a huge runed gate.
 18250 | D:15     | Found a huge runed gate.
 18263 | D:15     | Found a huge runed gate.
 18263 | D:15     | Found a huge runed gate.
 18311 | D:15     | Found a huge runed gate.
 18311 | D:15     | Found a huge runed gate.
 18311 | D:15     | Found a huge runed gate.
 18312 | D:15     | Found a huge runed gate.
 18312 | D:15     | Found a huge runed gate.
 18315 | D:15     | Found a huge runed gate.
 18315 | D:15     | Found a huge runed gate.
 18315 | D:15     | Found a huge runed gate.
 18315 | D:15     | Found a huge runed gate.
 18329 | D:15     | Found a huge runed gate.
 18330 | D:15     | Found a huge runed gate.
 18735 | Swamp:1  | Entered Level 1 of the Swamp
 18953 | Swamp:1  | Reached XP level 16. HP: 94/151 MP: 15/15
 18955 | Swamp:1  | Reached skill level 23 in Axes
 19357 | Swamp:2  | Received a gift from Trog
 19934 | Swamp:3  | Received a gift from Trog
 20139 | Swamp:3  | Received a gift from Trog
 20230 | Swamp:4  | Entered Level 4 of the Swamp
 21148 | Swamp:4  | Received a gift from Trog
 21313 | Swamp:4  | Got a decaying rune of Zot
 21599 | Elf:1    | Entered Level 1 of the Elven Halls
 22255 | Snake:1  | Entered Level 1 of the Snake Pit
 22266 | Snake:1  | HP: 4/155 [something (6)]
 22464 | Snake:1  | Noticed Kirke
 22475 | Snake:1  | Killed Kirke
 22503 | Snake:1  | Reached XP level 17. HP: 162/162 MP: 14/16
 22518 | Snake:1  | Received a gift from Trog
 22522 | Snake:1  | Noticed Patate's ghost (journeyman MfBe)
 22547 | Snake:1  | Killed Patate's ghost
 23460 | Snake:2  | Reached skill level 15 in Crossbows
 23477 | Snake:2  | Received a gift from Trog
 23478 | Snake:2  | Reached skill level 15 in Armour
 23985 | Snake:2  | Got a crude glaive
 23986 | Snake:2  | Identified the +6 glaive "Etuutoa" {freeze, *Rage Str+8} (You found it on level 2 of the Snake Pit)
 24561 | Snake:3  | Reached skill level 24 in Axes
 25317 | Snake:3  | Received a gift from Trog
 25475 | Snake:3  | Reached XP level 18. HP: 153/176 MP: 17/17
 25596 | Snake:4  | Entered Level 4 of the Snake Pit
 25715 | Snake:4  | Received a gift from Trog
 25728 | Snake:4  | Noticed Vashnia
 25766 | Snake:4  | Killed Vashnia
 25956 | Snake:4  | Found a sacrificial altar of Ru.
 27391 | Snake:4  | Received a gift from Trog
 27568 | Snake:4  | Received a gift from Trog
 28293 | Snake:4  | Got a serpentine rune of Zot
 29028 | Elf:1    | Reached XP level 19. HP: 168/187 MP: 18/18
 29309 | Elf:2    | Received a gift from Trog
 29443 | Elf:2    | Received a gift from Trog
 29680 | Elf:2    | Identified 2 scrolls of acquirement
 29682 | Elf:2    | Got a spiked hat
 29693 | Elf:2    | Identified the +0 hat "Fimihaf" {rElec Int+2} (You acquired it on level 2 of the Elven Halls)
 29694 | Elf:2    | Got a slimy hat
 29705 | Elf:2    | Identified the -3 hat of Xyqomuse {SInv} (You acquired it on level 2 of the Elven Halls)
 29882 | Elf:2    | Found a runed gate.
 29883 | Elf:2    | Found a runed gate.
 29884 | Elf:2    | Found a runed gate.
 29951 | Elf:2    | Received a gift from Trog
 30292 | Elf:2    | Received a gift from Trog
 30807 | Elf:3    | Entered Level 3 of the Elven Halls
 31007 | Elf:3    | Received a gift from Trog
 31118 | Elf:3    | Cast into level 3 of the Abyss (a deep elf demonologist)
 31118 | Abyss:3  | Found a corrupted altar of Lugonu.
 31325 | Abyss:3  | Reached skill level 25 in Axes
 31396 | Abyss:3  | HP: 2/190 [mana viper[a worldbinder] (9)]
 31400 | Abyss:3  | Slain by a worldbinder

Skill      XL: |  1  2  3  4  5  6  7  8  9 10 11 12 13 14 15 16 17 18 19 |
---------------+----------------------------------------------------------+-----
Axes           | 4 5 6 8 9 11 13 16 18 20 21 22 23 24 25 | 25.0
Fighting       | 5 9 13 14 16 17 19 20 21 | 21.5
Armour         | 4 8 10 12 13 14 15 16 17 | 17.3
Crossbows      | 7 13 14 15 16 | 16.8
Dodging        | |  2.1

Action                   |  1- 3 |  4- 6 |  7- 9 | 10-12 | 13-15 | 16-18 | 19-21 || total
-------------------------+-------+-------+-------+-------+-------+-------+-------++-------
Melee: Hand axe          |    71 |    97 |   220 |       |       |       |       ||   388
       Headbutt          |     9 |    19 |    67 |    88 |   165 |   136 |    46 ||   530
       Mace              |       |       |    58 |       |       |       |       ||    58
       Battleaxe         |       |       |    54 |   252 |       |       |       ||   306
       Executioner's axe |       |       |       |   251 |   801 |   746 |   250 ||  2048
       Morningstar       |       |       |       |     5 |       |       |       ||     5
 Fire: Arbalest          |       |       |       |       |     3 |   398 |    67 ||   468
       Triple crossbow   |       |       |       |       |       |     6 |       ||     6
Throw: Tomahawk          |       |       |     4 |    10 |       |       |       ||    14
       Javelin           |       |       |       |     9 |     9 |       |       ||    18
Invok: Berserk           |       |     3 |     6 |     6 |     3 |     4 |     1 ||    23
       Trog's Hand       |       |     2 |     3 |     1 |     2 |     5 |       ||    13
       Burn Spellbooks   |       |       |       |     4 |     1 |     4 |       ||     9
       Brothers in Arms  |       |       |       |     2 |       |    16 |     4 ||    22
Evoke: Wand              |     1 |       |     3 |     1 |       |       |       ||     5
  Use: Scroll            |     1 |     3 |     9 |    15 |     9 |     7 |     7 ||    51
       Potion            |       |       |       |     2 |       |    13 |     2 ||    17
 Stab: Confused          |       |       |     1 |       |       |       |       ||     1
       Paralysed         |       |       |       |     1 |       |       |       ||     1
       Distracted        |       |       |       |       |       |     1 |     1 ||     2
       Invisible         |       |       |       |       |       |     1 |       ||     1
  Eat: Chunk             |     1 |     4 |    10 |    18 |    26 |     7 |       ||    66
       Fruit             |       |     5 |     5 |     9 |     1 |     4 |       ||    24
       Royal jelly       |       |       |       |     1 |     1 |     9 |     2 ||    13
       Bread ration      |       |       |       |       |       |     1 |       ||     1
       Meat ration       |       |       |       |       |       |     3 |     1 ||     4
Armor: Ring mail         |     2 |       |       |       |       |       |       ||     2
       Scale mail        |    23 |    25 |    72 |       |       |       |       ||   120
       Plate armour      |       |       |    93 |   295 |   354 |   588 |   188 ||  1518
       Swamp dragon scal |       |       |       |       |       |    16 |       ||    16
Dodge: Dodged            |    38 |    56 |   108 |   175 |   308 |   353 |    78 ||  1116
